 Dungeon Crawl Stone Soup version 0.19.1 (webtiles) character file.

9240 nikopol the Spear-Bearer (level 11, -8/69 HPs)
             Began as a Gargoyle Berserker on Dec 18, 2016.
             Was a High Priest of Trog.
             Mangled by a black mamba (9 damage)
             ... on level 2 of the Lair of Beasts.
             The game lasted 00:20:18 (11234 turns).

nikopol the Spear-Bearer (Gargoyle Berserker)      Turns: 11234, Time: 00:20:18

Health: -8/69      AC: 16    Str: 22    XL:     11   Next: 43%
Magic:  11/11      EV: 14    Int:  7    God:    Trog [*****.]
Gold:   700        SH:  8    Dex: 12    Spells: 0 memorised, 10 levels left

rFire  . . .     SeeInvis +     a - +3 trident
rCold  . . .     Gourm    +     h - +0 ring mail
rNeg   + . .     Faith    .     m - +2 buckler
rPois  ∞         Spirit   .     W - +1 hat
rElec  +         Reflect  .     y - +0 cloak
rCorr  .         Harm     .     (no gloves)
MR     .....     Rnd*Tele +     i - -2 pair of boots (curse)
Stlth  +.........               g - amulet of the gourmand
                                L - ring of see invisible
                                I - ring of teleportation (curse)

@: exhausted, slowed, very slow
A: negative energy resistance 1, electricity resistance, unbreathing,
petrification resistance, rot immunity, AC +7
a: Berserk, Trog's Hand, Brothers in Arms, Burn Spellbooks, Renounce Religion


You were on level 2 of the Lair of Beasts.
You worshipped Trog.
Trog was extremely pleased with you.
You were very full.

You visited 2 branches of the dungeon, and saw 11 of its levels.

You collected 700 gold pieces.

Inventory:

Hand Weapons
 a - a +3 trident (weapon)
 d - a +0 hand axe
Missiles
 t - 115 arrows
Armour
 b - a +0 animal skin
 h - a +0 ring mail (worn)
 i - a cursed -2 pair of boots (worn)
 m - a +2 buckler (worn)
 y - a +0 cloak (worn)
 W - a +1 hat (worn)
Jewellery
 g - an amulet of the gourmand (around neck)
 I - a cursed ring of teleportation (left hand)
 L - a ring of see invisible (right hand)
Wands
 v - a wand of iceblast (7/15)
 K - a wand of flame (31/48)
 P - a wand of paralysis (18/24)
 R - a wand of disintegration (13/24)
 S - a wand of iceblast (9/15)
 T - a wand of paralysis (10/24)
 U - a wand of flame (14/48)
Scrolls
 j - 7 scrolls of identify {unknown}
 o - a scroll of magic mapping {unknown}
 q - a scroll of teleportation {unknown}
 r - 3 scrolls of amnesia {unknown}
 u - 3 scrolls of enchant weapon {unknown}
 x - 6 scrolls of remove curse {unknown}
 E - a scroll of immolation {unknown}
 G - 7 scrolls of enchant armour {unknown}
 M - a scroll of blinking {unknown}
 Q - 2 scrolls of fear {unknown}
Potions
 e - 2 potions of invisibility {unknown}
 f - 3 potions of beneficial mutation {unknown}
 k - 4 potions of brilliance {unknown}
 l - 2 potions of ambrosia {unknown}
 p - 2 potions of heal wounds {unknown}
 s - 2 potions of berserk rage {unknown}
 z - 3 potions of agility {unknown}
 A - a potion of lignification {unknown}
 B - a potion of might {unknown}
 C - 2 potions of mutation {unknown}
 F - a potion of magic {unknown}
 H - a potion of degeneration {unknown}
 J - 2 potions of flight {unknown}
Books
 N - a book of Misfortune

   Spells                             Type                      Level
   a - Confusing Touch                Hexes                        1
   b - Confuse                        Hexes                        3
   c - Gell's Gravitas                Hexes/Translocation          3
   d - Petrify                        Transmutation/Earth          4
   e - Metabolic Englaciation         Hexes/Ice                    5
   f - Yara's Violent Unravelling     Hexes/Transmutation          5
   Trog disapproves of the use of such an item.
 O - a book of Cantrips

   Spells                             Type                      Level
   a - Confusing Touch                Hexes                        1
   b - Animate Skeleton               Necromancy                   1
   c - Summon Small Mammal            Summoning                    1
   d - Apportation                    Translocation                1
   Trog disapproves of the use of such an item.
Comestibles
 c - 6 bread rations
 n - 5 meat rations
 w - 2 beef jerkies
 D - 15 fruits


   Skills:
 + Level 8.7 Fighting
 - Level 3.0(6.6) Axes
 * Level 9.3(9.5) Polearms
 + Level 8.2 Armour
 + Level 6.0 Dodging
 + Level 7.6 Shields


You had 10 spell levels left.
You didn't know any spells.

Dungeon Overview and Level Annotations

Branches:
Dungeon (9/15)             Temple (0/1) D:7            Lair (2/6) D:9
    Orc (0/2) D:9
  Swamp: Lair:2-4    Shoals: Lair:2-4     Snake: Lair:2-4    Spider: Lair:2-4

Altars:
Ashenzari
Fedhas
Uskayaw

Shops:
D:9 !


Innate Abilities, Weirdness & Mutations

You are resistant to torment.
Your stone body is resilient. (AC +7)
You are immune to poison.
You resist negative energy. (rN+)
You are resistant to electric shocks. (rElec)
You can survive without breathing.
You are immune to petrification.
You are immune to rotting.


Message History

You feel yourself slow down. The black mamba barely misses you.
The porcupine barely misses you. The wolf bites you but does no damage.
The wolf barely misses you.
You barely miss the wolf.
The wolf is severely wounded.
You block the black mamba's attack. The wolf bites you but does no damage.
The wolf misses you. The porcupine closely misses you.
The black mamba closely misses you. The wolf closely misses you.
The wolf misses you. The porcupine bites you.
* * * LOW HITPOINT WARNING * * *
The black mamba bites you.
* * * LOW HITPOINT WARNING * * *
You puncture the wolf!
You kill the wolf!
Trog accepts your kill. You block the wolf's attack.
You block the black mamba's attack. The wolf barely misses you.
The porcupine bites you but does no damage.
The black mamba bites you!
You die...

#. .# .. . .#
#.# .# ....
###>#.....
#..##S.r......
#....†@.......
###P.#.h......
## ........≈
....#...≈≈
##P...#≈≈≈≈
##.P###≈≈#
#.## ≈≈# ...
≈#


You could see a black mamba, a wolf and a porcupine.

Vanquished Creatures
  An unseen horror (D:7)
  The ghost of Pasabolo the Slasher, a novice HOFi (D:5)
  A cyclops (D:9)
  3 spiny frogs
  A rime drake (Lair:1)
  A komodo dragon (Lair:1)
  A two-headed ogre (D:9)
  2 hippogriffs
  6 yaks (Lair:1)
  Eustachio (D:4)
  A basilisk (Lair:1)
  4 hungry ghosts
  3 water moccasins
  3 orc warriors
  3 porcupines (Lair:1)
  3 sky beasts
  A black bear (Lair:1)
  A necrophage (D:9)
  3 ogres
  A centaur (D:6)
  3 wolves (Lair:2)
  2 crocodiles (Lair:1)
  A big kobold (D:7)
  2 bullfrogs
  A scorpion (D:8)
  A wyvern skeleton (D:9)
  5 killer bees (D:7)
  7 wights
  6 crimson imps
  A centaur zombie (D:8)
  7 orc priests
  Crazy Yiuf (D:5)
  2 bullfrog skeletons
  2 jellies (D:5)
  3 iguanas
  11 orc wizards
  5 worker ants
  A worker ant zombie (D:5)
  8 gnolls
  A howler monkey skeleton (D:8)
  10 adders
  2 river rats (D:3)
  A shadow imp (D:6)
  An adder skeleton (D:8)
  A worm (D:2)
  2 dart slugs (D:2)
  4 leopard geckos
  24 orcs
  3 bats
  5 giant cockroaches
  9 goblins
  7 hobgoblins
  6 jackals
  4 quokkas
  6 ball pythons
  9 frilled lizards
  A jackal skeleton (D:4)
  8 kobolds
  A leopard gecko skeleton (D:4)
  2 quokka zombies
  4 rats
  3 bushes (D:4)
224 creatures vanquished.

Vanquished Creatures (others)
  An orc wizard (D:5)
  A fungus (Lair:2)
  A plant (D:4)
3 creatures vanquished.

Grand Total: 227 creatures vanquished

Notes
Turn   | Place    | Note
-------+----------+-------------------------------------------
     0 | D:1      | nikopol the Gargoyle Berserker began the quest for the Orb.
     0 | D:1      | Reached XP level 1. HP: 14/14 MP: 1/1
   282 | D:1      | Reached XP level 2. HP: 15/19 MP: 2/2
   650 | D:1      | Reached XP level 3. HP: 22/24 MP: 3/3
   944 | D:2      | Found a blossoming altar of Fedhas.
  1074 | D:2      | Reached ** piety under Trog
  1204 | D:2      | Found a faded altar of an unknown god.
  1700 | D:3      | Reached XP level 4. HP: 29/29 MP: 4/4
  2173 | D:3      | Reached skill level 1 in Polearms
  2173 | D:3      | Reached skill level 1 in Shields
  2189 | D:3      | Reached XP level 5. HP: 18/33 MP: 5/5
  2543 | D:4      | Reached skill level 2 in Polearms
  2549 | D:4      | Reached *** piety under Trog
  2549 | D:4      | Reached XP level 6. HP: 8/39 MP: 6/6
  3059 | D:4      | Noticed Eustachio
  3105 | D:4      | Killed Eustachio
  3105 | D:4      | Reached skill level 3 in Polearms
  3537 | D:4      | Reached XP level 7. HP: 42/44 MP: 7/7
  4098 | D:5      | Entered Level 5 of the Dungeon
  4192 | D:5      | Reached skill level 5 in Fighting
  4485 | D:5      | Reached skill level 4 in Polearms
  4548 | D:5      | Noticed Pasabolo's ghost (novice HOFi)
  4641 | D:5      | Killed Pasabolo's ghost
  4641 | D:5      | Reached skill level 5 in Armour
  4641 | D:5      | Reached XP level 8. HP: 51/51 MP: 8/8
  5139 | D:5      | Found a runed door.
  5143 | D:5      | Noticed Crazy Yiuf
  5149 | D:5      | Killed Crazy Yiuf
  5149 | D:5      | Reached skill level 5 in Polearms
  5606 | D:6      | Found a shattered altar of Ashenzari.
  6048 | D:6      | Reached XP level 9. HP: 4/55 MP: 9/9
  6406 | D:7      | Found a hide-covered altar of Uskayaw.
  6523 | D:7      | Found a staircase to the Ecumenical Temple.
  6556 | D:7      | Reached **** piety under Trog
  6628 | D:7      | Noticed an unseen horror
  6649 | D:7      | Killed an unseen horror
  6649 | D:7      | Reached skill level 6 in Polearms
  6649 | D:7      | Reached skill level 5 in Shields
  7518 | D:7      | Reached skill level 7 in Polearms
  7536 | D:7      | Reached XP level 10. HP: 24/63 MP: 10/10
  8046 | D:8      | Reached skill level 5 in Dodging
  8657 | D:9      | Reached ***** piety under Trog
  8776 | D:9      | Found Weapadan's Distillery.
  8901 | D:9      | Found a staircase to the Lair.
  8946 | D:9      | Noticed a cyclops
  8958 | D:9      | Killed a cyclops
  8958 | D:9      | Reached skill level 8 in Polearms
  9108 | D:9      | Found a staircase to the Orcish Mines.
  9637 | Lair:1   | Entered Level 1 of the Lair of Beasts
  9752 | Lair:1   | Noticed a spiny frog
  9758 | Lair:1   | Killed a spiny frog
  9845 | Lair:1   | Reached XP level 11. HP: 68/68 MP: 11/11
 10270 | Lair:1   | Reached skill level 9 in Polearms
 11233 | Lair:2   | HP: 1/69 [black mamba (6)]
 11234 | Lair:2   | Mangled by a black mamba

Skill      XL: |  1  2  3  4  5  6  7  8  9 10 11 |
---------------+----------------------------------+-----
Axes           | 3 |  3.0
Dodging        | 2 3 4 5 6 |  6.0
Fighting       | 4 5 6 7 8 |  8.7
Armour         | 3 5 6 7 8 |  8.2
Polearms       | 1 2 3 4 5 7 8 9 |  9.3
Shields        | 1 2 3 4 5 7 |  7.6

Action                   |  1- 3 |  4- 6 |  7- 9 | 10-12 || total
-------------------------+-------+-------+-------+-------++-------
Melee: Hand axe          |   122 |       |       |       ||   122
       Trident           |     5 |   310 |   398 |   377 ||  1090
Invok: Berserk           |       |     3 |     2 |     4 ||     9
  Eat: Chunk             |    16 |     8 |    22 |    30 ||    76
       Fruit             |       |       |       |     2 ||     2
Armor: Animal skin       |     9 |       |       |       ||     9
       Ring mail         |    43 |    52 |   115 |    94 ||   304
Dodge: Dodged            |    72 |    60 |   169 |   167 ||   468
Block: Buckler           |    12 |    24 |   110 |    99 ||   245
